 Dungeon Crawl Stone Soup version 0.30-a0-610-gb513c0a51f (webtiles) character file.

Game seed: 10721013902833186261

112663 MacCMillion the Brawler (level 16, -19/159 HPs)
             Began as a Troll Fighter on Jan 8, 2023.
             Was the Champion of Okawaru.
             Killed from afar by Nikola (103 damage)
             ... with an arc of chain lightning
             ... on level 2 of the Snake Pit.
             The game lasted 01:42:28 (26286 turns).

MacCMillion the Brawler (Troll Fighter)            Turns: 26286, Time: 01:42:29

Health: -19/159    AC: 13    Str: 41    XL:     16   Next: 12%
Magic:  22/22      EV:  8    Int:  4    God:    Okawaru [******]
Gold:   2464       SH: 14    Dex:  6    Spells: 15/15 levels left

rFire   . . .      SeeInvis .      - Unarmed
rCold   . . .      Faith    .    T - +4 kite shield "Trusted Companion" {Slay+6 Stlth+}
rNeg    . . .      Spirit   .    w - +0 acid dragon scales
rPois   .          Reflect  .    (helmet restricted)
rElec   .          Harm     .    P - +0 cloak
rCorr   +          Rampage  .    (gloves unavailable)
Will    +....                    (boots unavailable)
Stlth   +++                      n - amulet of regeneration
HPRegen 2.06/turn                c - ring "Loer" {rCorr Str+7 Dex-3 Stlth+}
MPRegen 0.18/turn                b - +4 ring of protection

@: no status effects
A: large, unfitting armour, claws 3, regeneration 1, shaggy fur 1, tough skin 1
a: Renounce Religion, Heroism, Finesse, Duel


You were on level 2 of the Snake Pit.
You worshipped Okawaru.
Okawaru was exalted by your worship.
You visited 5 branches of the dungeon, and saw 25 of its levels.
You also visited: Bailey and Volcano.

You collected 3174 gold pieces.
You spent 710 gold pieces at shops.

Inventory:

Missiles
 d - 13 curare-tipped darts
 h - 21 boomerangs
 i - 5 throwing nets
 y - 58 poisoned darts
 D - 16 boomerangs of dispersal
 K - 4 silver javelins
 L - 13 javelins
 N - 38 large rocks (quivered)
 R - 2 atropa-tipped darts
 W - 2 datura-tipped darts
Armour
 w - +0 acid dragon scales (worn)
 P - a +0 cloak (worn)
 Q - a +2 robe of willpower
 T - the +4 kite shield "Trusted Companion" (worn) {Slay+6 Stlth+}
   (Okawaru gifted it to you on level 11 of the Dungeon)

   Slay:      It affects your accuracy & damage with ranged weapons and melee
   (+6).
   Stlth:     It makes you more stealthy.
Jewellery
 a - the ring "Wilumyrreh" {rPois rF+ rN+ Will-}
   (You found it in a volcano)

   [ring of poison resistance]

   rF:        It protects you from fire.
   rPois:     It protects you from poison.
   rN:        It protects you from negative energy.
   Will:      It decreases your willpower.
 b - a +4 ring of protection (right claw)
 c - the ring "Loer" (left claw) {rCorr Str+7 Dex-3 Stlth+}
   (You found it on level 2 of the Lair of Beasts)

   [ring of resist corrosion]

   Str:       It affects your strength (+7).
   Dex:       It affects your dexterity (-3).
   rCorr:     It protects you from acid and corrosion.
   Stlth:     It makes you more stealthy.
 m - a ring of willpower
 n - an amulet of regeneration (around neck)
 S - the ring of Ryrphy {Fly rElec rC+++ MP+9 Str-4}
   (You acquired it on level 3 of the Lair of Beasts)

   [ring of flight]

   Str:       It affects your strength (-4).
   rC:        It renders you almost immune to cold.
   rElec:     It insulates you from electricity.
   MP:        It affects your magic capacity (+9).
   Fly:       It grants you flight.
 V - a +6 ring of strength
 Z - a ring of protection from fire
Wands
 l - a wand of digging (4)
 A - a wand of flame (45)
 J - a wand of mindburst (13)
 X - a wand of iceblast (4)
Scrolls
 g - 2 scrolls of magic mapping
 j - 7 scrolls of enchant armour
 k - 10 scrolls of teleportation
 o - 2 scrolls of silence
 q - 6 scrolls of enchant weapon
 t - 2 scrolls of amnesia
 z - 4 scrolls of blinking
 B - 5 scrolls of fog
 C - 2 scrolls of fear
 G - 3 scrolls of brand weapon
 H - 5 scrolls of immolation
 Y - 3 scrolls of torment
Potions
 e - 4 potions of mutation
 f - 6 potions of curing
 p - 3 potions of haste
 s - 8 potions of heal wounds
 u - 3 potions of berserk rage
 v - 5 potions of flight
 x - 6 potions of attraction
 E - 3 potions of ambrosia
 F - 4 potions of might
 I - a potion of cancellation
 O - a potion of resistance
 U - 2 potions of lignification
Miscellaneous
 r - a phial of floods
 M - a lightning rod (4/4)


   Skills:
 - Level 10.4 Fighting
 + Level 11.9 Throwing
 - Level 2.4 Dodging
 - Level 11.2 Shields
 + Level 18.0 Unarmed Combat
 - Level 10.0 Invocations


You had 15 spell levels left.
You didn't know any spells.
Your spell library contained the following spells:

 Spells                   Type           Power      Damage    Failure   Level
 Apportation              Tloc           0%         N/A       75%         1
 Necrotise                Necr           0%         1d4       75%         1
 Cigotuvi's Dreadful Rot  Necr/Pois/Air  0%         N/A       87%         2
 Ensorcelled Hibernation  Hex/Ice        0%         N/A       87%         2
 Passwall                 Tmut/Erth      0%         N/A       87%         2
 Poisonous Vapours        Pois/Air       0%         N/A       87%         2
 Scorch                   Fire           0%         2d5       87%         2
 Dazzling Flash           Conj/Hex       0%         N/A       98%         3
 Hailstorm                Conj/Ice       0%         3d3       98%         3
 Mephitic Cloud           Conj/Pois/Air  0%         N/A       98%         3
 Swiftness                Air            0%         N/A       98%         3
 Dispel Undead            Necr           0%         3d6       100%        4
 Flame Wave               Conj/Fire      0%         2d4       100%        4
 Ice Form                 Ice/Tmut       0%         N/A       100%        4
 Iskenderun's Mystic Bla  Conj/Tloc      0%         2d3       100%        4
 Olgreb's Toxic Radiance  Pois           0%         N/A       100%        4
 Passage of Golubria      Tloc           0%         N/A       100%        4
 Petrify                  Tmut/Erth      0%         N/A       100%        4
 Metabolic Englaciation   Hex/Ice        0%         N/A       100%        5
 Yara's Violent Unravell  Hex/Tmut       0%         3d3       100%        5
 Eringya's Noxious Bog    Tmut/Pois      0%         N/A       100%        6
 Starburst                Conj/Fire      0%         6d3       100%        6
 Statue Form              Tmut/Erth      0%         N/A       100%        6
 Ozocubu's Refrigeration  Ice            0%         4d7       100%        7
 Borgnjor's Revivificati  Necr           0%         N/A       100%        8
 Ignition                 Fire           0%         3d3       100%        8
 Necromutation            Tmut/Necr      0%         N/A       100%        8
 Death's Door             Necr           0%         N/A       100%        9
 Fire Storm               Conj/Fire      0%         5d1       100%        9
 Summon Small Mammal      Summ           Unusable   N/A       N/A         1
 Tukima's Dance           Hex            Unusable   N/A       N/A         3
 Summon Forest            Summ/Tloc      Unusable   N/A       N/A         5
 Death Channel            Necr           Unusable   N/A       N/A         6
 Simulacrum               Ice/Necr       Unusable   N/A       N/A         6
 Summon Cactus Giant      Summ           Unusable   N/A       N/A         6
 Summon Hydra             Summ           Unusable   N/A       N/A         7

Dungeon Overview and Level Annotations

Branches:
Dungeon (15/15)            Temple (1/1) D:4            Lair (5/5) D:9
  Swamp (0/4) Lair:2        Snake (2/4) Lair:3        Slime (0/5) Lair:4
    Orc (2/2) D:12            Elf (0/3) Orc:2        Vaults (0/5) D:14
 Depths (0/4) D:15         Bailey (visited)         Volcano (visited)

Altars:
Ashenzari
Cheibriados
Dithmenos
Elyvilon
Fedhas
Gozag
Hepliaklqana
Kikubaaqudgha
Makhleb
Nemelex Xobeh
Okawaru
Qazlal
Ru
Sif Muna
Trog
Uskayaw
Vehumet
Wu Jian
Xom
Yredelemnul
Zin
The Shining One

Shops:
D:2 =   D:5 *   D:7 *   D:8 (   D:10 (   Orc:1 (   Orc:2 :**[:

Annotations:
D:6 1 runed translucent door, anet's ghost, novice GnDe
D:8 3 exclusions, Maurice
D:14 3 runed translucent doors, bosakos's ghost, journeyman MiFi
Snake:2 Nikola


Innate Abilities, Weirdness & Mutations

You are too large for most types of armour.
You have claws for hands.
Your natural rate of healing is unusually fast.
You are covered in fur. (AC +1)
You have tough skin. (AC +1)


Message History

Nikola resists.
Nikola is moderately wounded.
Unknown command.
You eviscerate Nikola!!!
Nikola is heavily wounded.
You hear an angry squeal.
Nikola points at you and mumbles some strange words.
The bolt of lightning hits you!!!
You hear an angry squeal. x4
You barely miss Nikola.
Nikola is heavily wounded.
You scratch Nikola.
Nikola is heavily wounded.
Nikola hits you with a +2 rapier of electrocution.
Unknown command.
You eviscerate Nikola!!!
Nikola is severely wounded.
You hear an angry squeal.
Nikola casts a spell.
Nikola blinks!
Unknown command.
Unknown command.
Nikola points at you and mumbles some strange words.
The bolt of lightning hits you!!
You hear an angry squeal. x2; You hear a shout!
A hog comes into view. x2
Nikola casts a spell.
Nikola blinks!
You see here a datura-tipped dart.
Throw: 3 darts (atropa)
Press: ? - help, Shift-Dir - straight line, f/p - Nikola
Aim: Nikola, wielding a +2 rapier of electrocution, wearing a +1 cloak of willpower and wearing a +0 pair of gloves (severely wounded, 73% to hit, chance to blind on hit: 0%)
You throw an atropa-tipped dart. The atropa-tipped dart hits Nikola!
Nikola resists.
Nikola is severely wounded.
Unknown command.
Nikola mumbles some strange words.
Lightning arcs from Nikola's hands!
The bolt of lightning hits you!!!!
Ouch! That really hurt!
You die...

.............##.....#
....................##
#...................#
#..................#
#..................#
####.................#
...h....(.:....[.....#
...h.(((.............#
.......@............##
.......@............#
.......(.........####
##################


You could see Nikola and 2 hogs.

Vanquished Creatures
  Jorgrun (Snake:1)
  Gastronok (Lair:2)
  A nagaraja (Snake:2)
  Aizul (Snake:1)
  A caustic shrike skeleton (D:15)
  2 slime creatures (D:12)
  A fire dragon (D:14)
  5 vault guards (D:14)
  5 hydras
  5 anacondas (Snake:1)
  2 catoblepae
  4 naga warriors (Snake:1)
  8 centaur warriors
  A boulder beetle (D:14)
  A vampire mage (D:15)
  4 orc high priests (Orc:2)
  A tengu warrior (D:15)
  3 two-headed ogres
  11 death yaks
  A deep troll shaman (Lair:5)
  A naga sharpshooter (Snake:1)
  2 skeletal warriors (D:15)
  2 wizards
  2 lindwurms (Volcano)
  A necromancer (D:15)
  A bog body (Lair:2)
  A naga ritualist (Snake:1)
  4 deep elf pyromancers
  A sphinx skeleton (D:15)
  6 orc knights
  An ugly thing (D:13)
  5 orc sorcerers (Orc:2)
  A stone giant zombie (D:15)
  7 cyclopes
  3 oklob plants
  A toenail golem (Volcano)
  2 manticores
  A salamander (Snake:1)
  3 guardian serpents (Snake:1)
  6 naga magi
  5 molten gargoyles (Volcano)
  22 black mambas
  3 elephants (Lair:5)
  A fire giant skeleton (D:15)
  9 cane toads
  Maggie (D:7)
  11 rime drakes
  3 torpor snails
  10 komodo dragons
  2 efreet (Volcano)
  An unseen horror (D:12)
  A yaktaur (D:14)
  3 kobold demonologists (D:13)
  5 tengu conjurers
  8 trolls
  3 meliai (D:13)
  7 polar bears
  18 blink frogs
  A hornet (Lair:2)
  Eustachio (D:4)
  37 yaks
  A shadow (D:11)
  Sigmund (D:4)
  A vampire (D:13)
  6 basilisks
  7 wyverns
  5 fire elementals (Volcano)
  A human (D:14)
  2 steam dragons
  4 vampire mosquitoes
  Edmund (D:4)
  3 acid dragons
  2 wargs
  8 nagas
  21 water moccasins
  Duvessa (D:6)
  28 orc warriors
  An ice beast (D:6)
  7 black bears
  2 sky beasts
  4 ogres
  25 wolves
  24 centaurs
  18 bullfrogs
  A necrophage (D:7)
  13 kobold brigands
  2 scorpions
  2 gnoll sergeants
  5 wights (D:9)
  Dowan (D:6)
  6 killer bees (D:8)
  11 howler monkeys
  3 electric eels
  22 orc priests
  10 hounds
  3 jellies
  2 gnoll boudas (D:7)
  6 iguanas
  Natasha (thrice) (D:2)
  32 orc wizards
  5 hell rats (Lair:1)
  8 adders
  20 gnolls
  2 river rats (Lair:1)
  2 shadow imps
  2 white imps
  An ufetubus (D:5)
  3 worms
  3 dart slugs
  85 orcs
  12 endoplasms
  4 giant cockroaches
  12 goblins
  4 hobgoblins
  14 jackals
  3 quokkas
  9 ball pythons
  5 bats
  10 frilled lizards (D:1)
  28 kobolds
  9 rats
  3 fire vortices (Volcano)
801 creatures vanquished.

Vanquished Creatures (others)
  An orc wizard (D:12)
  2 bushes
  23 fungi
  62 plants
  2 withered plants (D:15)
90 creatures vanquished.

Grand Total: 891 creatures vanquished

Notes
Turn   | Place    | Note
-------+----------+-------------------------------------------
     0 | D:1      | MacCMillion the Troll Fighter began the quest for the Orb.
     0 | D:1      | Reached XP level 1. HP: 22/22 MP: 0/0
   274 | D:1      | Reached XP level 2. HP: 29/29 MP: 1/1
   593 | D:1      | Reached XP level 3. HP: 35/36 MP: 2/2
   831 | D:2      | Reached skill level 3 in Unarmed Combat
  1023 | D:2      | Found a faded altar of an unknown god.
  1023 | D:2      | Noticed Natasha
  1037 | D:2      | Killed Natasha
  1038 | D:2      | Reached XP level 4. HP: 34/45 MP: 0/3
  1063 | D:2      | Noticed Natasha
  1098 | D:2      | Killed Natasha
  1214 | D:2      | Noticed Natasha
  1218 | D:2      | Killed Natasha
  1219 | D:2      | Reached skill level 4 in Unarmed Combat
  1219 | D:2      | Reached XP level 5. HP: 50/53 MP: 4/4
  1306 | D:2      | Found Keptus's Jewellery Shoppe.
  1361 | D:2      | Found a basalt altar of Yredelemnul.
  2286 | D:4      | Reached XP level 6. HP: 33/61 MP: 5/5
  2339 | D:4      | Noticed Edmund
  2386 | D:4      | Reached skill level 5 in Unarmed Combat
  2399 | D:4      | Noticed Eustachio
  2444 | D:4      | Killed Eustachio
  2445 | D:4      | Reached XP level 7. HP: 58/70 MP: 6/6
  2496 | D:4      | Reached skill level 6 in Unarmed Combat
  2504 | D:4      | Found a staircase to the Ecumenical Temple.
  2514 | Temple   | Entered the Ecumenical Temple
  2739 | Temple   | Became a worshipper of Warmaster Okawaru
  2963 | D:4      | Noticed Sigmund
  2964 | D:4      | Found a glowing silver altar of Zin.
  3219 | D:4      | Found a glowing golden altar of the Shining One.
  3224 | D:4      | Found a basalt altar of Yredelemnul.
  3364 | D:4      | Killed Sigmund
  3422 | D:4      | Killed Edmund
  3422 | D:4      | Reached * piety under Okawaru
  3423 | D:4      | Reached skill level 5 in Shields
  3423 | D:4      | Reached skill level 7 in Unarmed Combat
  3423 | D:4      | Reached XP level 8. HP: 51/79 MP: 7/7
  3570 | D:5      | Entered Level 5 of the Dungeon
  3589 | D:5      | Found Udameall's Gadget Gallery.
  3879 | D:5      | Reached skill level 5 in Fighting
  4243 | D:6      | Reached skill level 1 in Invocations
  4293 | D:6      | Noticed Duvessa
  4293 | D:6      | Noticed Dowan
  4299 | D:6      | Killed Duvessa
  4322 | D:6      | Killed Dowan
  4322 | D:6      | Reached ** piety under Okawaru
  4323 | D:6      | Reached skill level 8 in Unarmed Combat
  4390 | D:6      | Found a runed translucent door.
  4430 | D:6      | Reached XP level 9. HP: 83/88 MP: 10/10
  4685 | D:6      | Reached skill level 1 in Throwing
  5265 | D:6      | Noticed anet's ghost (novice GnDe)
  5356 | D:7      | Reached skill level 9 in Unarmed Combat
  5408 | D:7      | Reached *** piety under Okawaru
  5442 | D:7      | Noticed Maggie
  5470 | D:7      | Killed Maggie
  5942 | D:7      | Found Waith's Fire Supplies.
  6555 | D:8      | Reached XP level 10. HP: 98/98 MP: 11/11
  6748 | D:8      | Reached **** piety under Okawaru
  6860 | D:8      | Found Nyuhonor's Weapon Emporium.
  6894 | D:8      | Noticed Maurice
  7196 | D:8      | Reached skill level 10 in Unarmed Combat
  8655 | D:9      | Reached ***** piety under Okawaru
  8668 | D:9      | Received a gift from Okawaru
  8729 | D:9      | Reached skill level 5 in Throwing
  8745 | D:9      | Found a staircase to the Lair.
  8823 | D:9      | Reached skill level 11 in Unarmed Combat
  9064 | D:10     | Entered Level 10 of the Dungeon
  9118 | D:10     | Found a burning altar of Makhleb.
  9118 | D:10     | Found a broken altar of Ashenzari.
  9131 | D:10     | Found a flagged portal.
  9137 | Bailey   | Entered a bailey
  9173 | Bailey   | Received a gift from Okawaru
  9346 | Bailey   | Got the Lectures on Frigid Incandescence
  9396 | Bailey   | Reached XP level 11. HP: 39/107 MP: 12/12
  9466 | Bailey   | Found an iron altar of Okawaru.
  9582 | D:10     | Found a white marble altar of Elyvilon.
  9584 | D:10     | Found a snail-covered altar of Cheibriados.
  9601 | D:10     | Received a gift from Okawaru
  9630 | D:10     | Found Xuydorgh's Weapon Boutique.
 10627 | D:11     | Noticed a two-headed ogre
 10637 | D:11     | Killed a two-headed ogre
 10637 | D:11     | Identified the +4 kite shield "Trusted Companion" {Slay+6
                  | Stlth+} (Okawaru gifted it to you on level 11 of the
                  | Dungeon)
 10637 | D:11     | Received a gift from Okawaru
 10673 | D:11     | You fall into a shaft and drop 3 floors!
 10706 | D:14     | Noticed a boulder beetle
 10719 | D:14     | Noticed a centaur warrior
 10726 | D:14     | Killed a centaur warrior
 10727 | D:14     | Reached skill level 12 in Unarmed Combat
 10793 | D:13     | Noticed a centaur warrior
 10793 | D:13     | Noticed a brown ugly thing
 10807 | D:13     | Killed a centaur warrior
 10823 | D:13     | Killed a brown ugly thing
 10952 | D:12     | Noticed a deep elf pyromancer
 11265 | Lair:1   | Entered Level 1 of the Lair of Beasts
 11331 | Lair:1   | Noticed a death yak
 11339 | Lair:1   | Killed a death yak
 11394 | Lair:1   | Reached XP level 12. HP: 119/119 MP: 13/13
 11533 | Lair:1   | Reached skill level 13 in Unarmed Combat
 11567 | Lair:1   | Received a gift from Okawaru
 11660 | Lair:1   | Found a dark tunnel.
 11666 | Volcano  | Entered a volcano
 11696 | Volcano  | Received a gift from Okawaru
 11747 | Volcano  | Reached ****** piety under Okawaru
 11942 | Volcano  | Identified the ring "Wilumyrreh" {rPois rF+ rN+ Will-}
 11948 | Volcano  | Received a gift from Okawaru
 12433 | Lair:2   | Reached skill level 14 in Unarmed Combat
 12794 | Lair:2   | Identified the +1 robe of Relativism {rPois Dex-2 SInv}
                  | (Okawaru gifted it to you on level 2 of the Lair of Beasts)
 12794 | Lair:2   | Received a gift from Okawaru
 12795 | Lair:2   | Found a staircase to the Swamp.
 12814 | Lair:2   | Reached XP level 13. HP: 89/131 MP: 14/14
 12826 | Lair:2   | Reached skill level 10 in Shields
 12953 | Lair:2   | Identified a scroll of acquirement
 12960 | Lair:2   | Identified the ring "Loer" {rCorr Str+7 Dex-3 Stlth+}
 13064 | Lair:2   | Noticed Gastronok
 13079 | Lair:2   | Killed Gastronok
 13080 | Lair:2   | Reached skill level 15 in Unarmed Combat
 13510 | Lair:2   | Acquired 547 gold pieces
 13563 | Lair:3   | Acquired the ring of Ryrphy {Fly rElec rC+++ MP+9 Str-4}
 13720 | Lair:3   | Found a staircase to the Snake Pit.
 14396 | Lair:4   | Found a staircase to the Slime Pits.
 14583 | Lair:4   | Received a gift from Okawaru
 14893 | Lair:4   | Received a gift from Okawaru
 15210 | Lair:4   | Found a blossoming altar of Fedhas.
 15351 | Lair:5   | Entered Level 5 of the Lair of Beasts
 15352 | Lair:5   | Received a gift from Okawaru
 15469 | Lair:5   | Reached skill level 10 in Fighting
 15511 | Lair:5   | Reached skill level 16 in Unarmed Combat
 15738 | Lair:5   | Reached XP level 14. HP: 143/143 MP: 15/15
 16005 | Lair:5   | Reached skill level 5 in Invocations
 16325 | Lair:5   | Received a gift from Okawaru
 16581 | Lair:5   | Received a gift from Okawaru
 17905 | D:12     | Found a staircase to the Orcish Mines.
 17939 | Orc:1    | Entered Level 1 of the Orcish Mines
 18118 | Orc:1    | Found Rehoiv's Antique Weapon Emporium.
 18233 | Orc:2    | Entered Level 2 of the Orcish Mines
 18237 | Orc:2    | Identified the +1 robe of Starshine {rF+ rCorr Dex+6}
                  | (Okawaru gifted it to you on level 2 of the Orcish Mines)
 18237 | Orc:2    | Received a gift from Okawaru
 18443 | Orc:2    | Found Naror's Book Emporium.
 18447 | Orc:2    | Found a staircase to the Elven Halls.
 18504 | Orc:2    | Found Ulofa's Mass Market.
 19095 | Orc:2    | Found Qoylycof's Antique Armour Emporium.
 19095 | Orc:2    | Found Irutyth's Assorted Antiques.
 19097 | Orc:2    | Found Nuonuqot's Book Boutique.
 19107 | Orc:2    | Found Ygotyn's Assorted Antiques.
 19111 | Orc:2    | Bought a scroll of blinking for 180 gold pieces
 19111 | Orc:2    | Bought a scroll of blinking for 180 gold pieces
 19542 | D:12     | Reached XP level 15. HP: 92/152 MP: 19/19
 19976 | D:13     | Reached skill level 10 in Throwing
 20345 | D:13     | Received a gift from Okawaru
 20546 | D:14     | Received a gift from Okawaru
 20546 | D:14     | Found the +7 staff of the Meek {protect, meekguard}
 21051 | D:14     | Found a runed translucent gate.
 21054 | D:14     | Found a runed translucent gate.
 21054 | D:14     | Found a runed translucent gate.
 21056 | D:14     | Noticed bosakos's ghost (journeyman MiFi)
 21262 | D:14     | Reached skill level 17 in Unarmed Combat
 21493 | D:14     | Found a gate to the Vaults.
 21587 | D:15     | Entered Level 15 of the Dungeon
 21968 | D:2      | Bought a ring of willpower for 350 gold pieces
 22274 | D:15     | Received a gift from Okawaru
 22311 | D:15     | Found a staircase to the Depths.
 23722 | Snake:1  | Entered Level 1 of the Snake Pit
 24202 | Snake:1  | Received a gift from Okawaru
 25182 | Snake:1  | Noticed Jorgrun
 25198 | Snake:1  | Killed Jorgrun
 25558 | Snake:1  | Reached skill level 10 in Invocations
 25613 | Snake:1  | Reached XP level 16. HP: 108/159 MP: 22/22
 25873 | Snake:1  | Reached skill level 18 in Unarmed Combat
 26005 | Snake:2  | Noticed Aizul
 26097 | Snake:1  | Killed Aizul
 26265 | Snake:2  | Noticed Nikola
 26286 | Snake:2  | Killed from afar by Nikola

Illustrated notes

Levels and vault maps discovered:
D:1:      dpeg_arrival_solitude, layout_basic, minmay_stone_trees_small,
          minmay_lizard_pond
D:2:      wander_river, layout_rooms, basic_altar,
          hellmonk_ecumenical_altar_arch_garden, serial_shops,
          nicolae_shop_advertising_works [nicolae_subvault_shop_adworks],
          uniq_natasha
D:3:      layout_basic
D:4:      layout_rooms, grunt_temple_overflow_holy_war,
          mainiacjoe_overflow_six_doors_small, minmay_temple_entry_glass,
          uniq_eustachio, uniq_sigmund, uniq_edmund
D:5:      layout_rooms, nicolae_shop_gadgets
D:6:      layout_basic, ebering_ghost_sewer_d, chequers_serial_rivers_micro_d,
          minmay_unpleasant_kobolds, uniq_duvessa
D:7:      layout_cave_pods, nicolae_shop_fire_sale [nicolae_sub_dead_trees],
          uniq_maggie
D:8:      minmay_the_grid_triangle_9x9_recursive_2
          [minmay_the_grid_triangle_9x9_prize_center,
          minmay_the_grid_triangle_9x9_shrine,
          minmay_the_grid_triangle_9x9_empty,
          minmay_the_grid_triangle_9x9_zippers_horizontal], layout_layer_cave,
          nicolae_inconvenience_store, uniq_maurice
D:9:      layout_loops_ring, minmay_lair_entry_grove
D:10:     layout_cave_pods, chequers_temple_overflow_statue_of_worship,
          serial_shops, nicolae_lakefront_shop, enter_bailey_3
D:11:     layout_roguey
D:12:     layout_loops_corners, erik_orc_2
D:13:     layout_roguey, blue_anna_alchemist
D:14:     layout_gridville, grunt_vaults_entry_fortified,
          gammafunk_ghost_necromancy
D:15:     gammafunk_depths_entry_grave, layout_stronghold
Temple:   nicolae_temple_bog_church
Lair:1:   beast_lair_carwin_large_3, layout_big_grid,
          nicolae_volcano_entry_hallway, kennysheep_abandoned_house
Lair:2:   nzn_winding_woodlands_stair_cross [nzn_winding_woodlands_5x15_parted,
          nzn_winding_woodlands_center_triple_pond,
          nzn_winding_woodlands_5x15_cabin,
          nzn_winding_woodlands_5x5_closed_star,
          nzn_winding_woodlands_hourglass, nzn_winding_woodlands_5x15_garden,
          nzn_winding_woodlands_center_garden,
          nzn_winding_woodlands_5x15_river_crossing], layout_regular_city,
          skrybe_swamp_entry_bodies, uniq_gastronok
Lair:3:   layout_loops_ring, guppyfry_snake_entry_garden, lemuel_fruit_tree
Lair:4:   layout_big_grid, slime_entry_1, hangedman_tree_tricks,
          minmay_lair_drake_nest, infiniplex_staircase_pool, lemuel_fruit_fields
Lair:5:   grunt_lair_end_beastmaster, layout_regular_city,
          chequers_serial_rivers_small_a
Snake:1:  layout_basic, hangedman_snake_sidewinding, uniq_jorgrun
Snake:2:  layout_onion, serial_shops, shop, grunt_megastairs_3, uniq_aizul,
          uniq_nikola, uniq_kirke
Orc:1:    layout_caves, serial_shops, shop
Orc:2:    st_orc_elflike, layout_diamond_mine, serial_shops, nicolae_shop_stone,
          minmay_shop_mass

Skill      XL: |  1  2  3  4  5  6  7  8  9 10 11 12 13 14 15 16 |
---------------+-------------------------------------------------+-----
Shields        | 3 4 5 6 7 8 9 10 11 | 11.2
Unarmed Combat | 3 4 5 7 8 9 11 12 14 16 17 18 | 18.0
Fighting       | 3 4 5 6 8 9 10 | 10.4
Invocations    | 3 7 10 | 10.0
Throwing       | 3 5 7 8 9 11 | 11.9
Dodging        | |  2.4

Action                   |  1- 3 |  4- 6 |  7- 9 | 10-12 | 13-15 | 16-18 || total
-------------------------+-------+-------+-------+-------+-------+-------++-------
Melee: Unarmed           |   120 |   131 |   360 |   614 |   869 |    55 ||  2149
Throw: Throwing net      |       |       |     1 |     1 |       |       ||     2
       Boomerang         |       |       |       |   103 |   167 |       ||   270
       Large rock        |       |       |       |     7 |    13 |     4 ||    24
       Javelin           |       |       |       |       |    32 |       ||    32
       Dart              |       |       |       |       |       |     6 ||     6
Invok: Heroism           |       |       |       |       |     2 |       ||     2
  Use: Scroll            |       |       |     9 |    13 |    14 |     1 ||    37
       Potion            |       |       |     1 |     2 |       |     3 ||     6
 Stab: Sleeping          |       |       |       |     2 |     7 |       ||     9
       Distracted        |       |       |       |       |     1 |     1 ||     2
Armor: Robe              |    39 |    52 |    49 |       |       |       ||   140
       Skin              |       |       |    15 |       |       |       ||    15
       Steam dragon scal |       |       |    11 |   169 |       |       ||   180
       Acid dragon scale |       |       |       |    66 |   214 |     8 ||   288
Dodge: Dodged            |    37 |    67 |   102 |   182 |   172 |     9 ||   569
Block: Kite shield       |    39 |    61 |   155 |   379 |   498 |    25 ||  1157

Table legend: (Time is in decaauts)
 A = Elapsed time spent in this place.
 B = Non-inter-level travel time spent in this place.
 C = Inter-level travel time spent in this place.
 D = Time resting spent in this place.
 E = Time spent auto-exploring this place.
 F = Levels seen in this place.
 G = Mean time per level.
                   A        B        C        D        E       F      G
               +--------+--------+--------+--------+--------+-----+--------+
         Total |  26156 |  24419 |   1737 |   3895 |  13434 |  27 |  968.7 |
       Dungeon |  15618 |  14385 |   1233 |   2259 |   8605 |  15 | 1041.2 |
        Temple |    234 |    226 |      8 |      0 |    192 |   1 |  234.0 |
          Lair |   5335 |   4995 |    340 |    384 |   2826 |   5 | 1067.0 |
     Snake Pit |   2537 |   2462 |     75 |    729 |   1016 |   2 | 1268.5 |
  Orcish Mines |   1510 |   1429 |     81 |    220 |    655 |   2 |  755.0 |
        Bailey |    456 |    456 |      0 |    133 |     74 |   1 |  456.0 |
       Volcano |    464 |    464 |      0 |    169 |     66 |   1 |  464.0 |
               +--------+--------+--------+--------+--------+-----+--------+

Top non-repeatable levels by time:
 Snake:1: 2370 daAuts
    D:14: 1596 daAuts
  Lair:5: 1401 daAuts
     D:7: 1382 daAuts
    D:15: 1327 daAuts
     D:8: 1301 daAuts
    D:12: 1277 daAuts
  Lair:2: 1186 daAuts
  Lair:4: 1159 daAuts
     D:9: 1139 daAuts
     D:6: 1135 daAuts
     D:4: 1021 daAuts
   Orc:2: 994 daAuts
     D:3: 901 daAuts
  Lair:3: 893 daAuts
